 Dungeon Crawl Stone Soup version 0.22-a0-467-g5c5de1c (webtiles) character file.

186 Espgualade the Skirmisher (level 5, 0/35 HPs)
             Began as a Tengu Ice Elementalist on June 9, 2018.
             Killed from afar by an orc wizard (4 damage)
             ... with a puff of flame
             ... on level 4 of the Dungeon.
             The game lasted 00:09:58 (3356 turns).

Espgualade the Skirmisher (Tengu Ice Elementalist)  Turns: 3356, Time: 00:09:58

Health: 0/35       AC:  6    Str:  8    XL:     5   Next: 65%
Magic:  2/9        EV: 13    Int: 16    God:
Gold:   98         SH:  0    Dex: 15    Spells: 2/8 levels left

rFire    . . .     SeeInvis .   g - +0 dagger (drain)
rCold    + . .     Gourm    .   (no shield)
rNeg     . . .     Faith    .   a - +1 robe
rPois    .         Spirit   .   (helmet restricted)
rElec    .         Reflect  .   (no cloak)
rCorr    .         Harm     .   (no gloves)
MR       .....                  (boots unavailable)
Stlth    ++........             (no amulet)
HPRegen  0.11/turn              b - ring of protection from cold
MPRegen  0.11/turn              e - +3 ring of protection

@: no status effects
A: beak, talons 3, able to fly 1
a: Fly


You were on level 4 of the Dungeon.
You were not hungry.

You visited 1 branch of the dungeon, and saw 4 of its levels.

You collected 98 gold pieces.

Inventory:

Hand Weapons
 g - a +0 dagger of draining (weapon)
Armour
 a - a +1 robe (worn)
Jewellery
 b - a ring of protection from cold (left hand)
 e - a +3 ring of protection (right hand)
 p - an uncursed ring of magical power {unknown}
Scrolls
 f - 3 scrolls of remove curse
 j - a scroll of fear
 k - a scroll of teleportation {unknown}
 l - a scroll of blinking
 q - a scroll of enchant armour
Potions
 d - 2 potions of mutation
 h - a potion of brilliance {unknown}
 i - a potion of flight {unknown}
 m - a potion of agility
 n - a potion of ambrosia
 o - a potion of lignification {unknown}
 s - a potion of curing
Comestibles
 c - 3 rations


   Skills:
 + Level 5.2 Fighting
 - Level 2.1 Dodging
 - Level 2.0 Stealth
 - Level 2.0 Spellcasting
 - Level 1.3 Conjurations
 - Level 2.6 Ice Magic


You had 2 spell levels left.
You knew the following spells:

 Your Spells              Type           Power        Failure   Level  Hunger
a - Freeze                Ice            ##..         7%          1    #......
b - Throw Frost           Conj/Ice       #.....       14%         2    ###....
c - Ozocubu's Armour      Chrm/Ice       #.......     34%         3    ###....

Your spell library contained the following spells:

 Spells                   Type           Power        Failure   Level  Hunger
 Summon Ice Beast         Ice/Summ       #.......     75%         4    #####..
 Throw Icicle             Conj/Ice       #.......     65%         4    #####..


Dungeon Overview and Level Annotations

Branches:
Dungeon (4/15)
 Temple: D:4-7

Altars:
Elyvilon
Sif Muna
Xom

Annotations:
D:3 Grinder


Innate Abilities, Weirdness & Mutations

You have a beak for a mouth.
You have claws for feet.
You can fly.


Message History

You hit the orc but do no damage. You claw the orc.
You kill the orc!
An orc wizard comes into view. It is wielding an enchanted dagger.
Items here: ))) † a flail of holy wrath; a falchion; a club; an orc corpse You butcher the orc corpse.
Items here: % ))) a flail of holy wrath; a falchion; a club; 4 chunks of flesh Unknown command.
You close the door.
You start resting.
The orc wizard is too close now for your liking.
The orc wizard gestures at you while chanting.
The puff of flame hits you!
* * * LOW HITPOINT WARNING * * *
You completely miss the orc wizard.
You peck the orc wizard, but do no damage.
The orc wizard gestures at you while chanting.
The puff of flame hits you!
You die...

##....o.#
#.......#
#.....o.#
#...o.o.#
#......#######
#......##....##
#......+))....#
##.....##o....#
########@....#
#....<.#
#......#
##....##
##....##
#......#
#......#
#......#
#......#


You could see an orc wizard.

Vanquished Creatures
  An orc priest (D:4)
  Jessica (D:3)
  Robin (D:2)
  3 adders
  An ooze (D:3)
  2 worms (D:2)
  A dart slug (D:1)
  2 leopard geckos
  3 orcs (D:4)
  6 bats
  17 goblins
  6 hobgoblins
  6 jackals (D:2)
  A quokka (D:2)
  2 frilled lizards
  12 kobolds
  8 rats
73 creatures vanquished.

Notes
Turn   | Place    | Note
-------+----------+-------------------------------------------
     0 | D:1      | Espgualade the Tengu Ice Elementalist began the quest for the Orb.
     0 | D:1      | Reached XP level 1. HP: 10/10 MP: 4/4
   114 | D:1      | Reached skill level 1 in Fighting
   322 | D:1      | Reached XP level 2. HP: 16/16 MP: 6/6
   382 | D:1      | Reached skill level 2 in Fighting
   944 | D:1      | Learned a level 2 spell: Throw Frost
   976 | D:2      | Reached XP level 3. HP: 19/22 MP: 7/7
  1134 | D:2      | Learned a level 3 spell: Ozocubu's Armour
  1196 | D:2      | Reached skill level 3 in Fighting
  1378 | D:2      | Found a faded altar of an unknown god.
  1622 | D:2      | Reached XP level 4. HP: 24/28 MP: 8/8
  1649 | D:2      | Found a shimmering altar of Xom.
  1762 | D:2      | Found a deep blue altar of Sif Muna.
  2115 | D:3      | Noticed Jessica
  2118 | D:3      | Noticed Robin
  2522 | D:3      | Reached skill level 4 in Fighting
  2682 | D:3      | Noticed Grinder
  2699 | D:3      | Paralysed by Grinder for 3 turns
  2825 | D:3      | Paralysed by Grinder for 5 turns
  2932 | D:3      | Found a white marble altar of Elyvilon.
  2953 | D:3      | Killed Jessica
  2953 | D:3      | Gained mutation: You can fly. [Tengu growth]
  2953 | D:3      | Reached XP level 5. HP: 6/34 MP: 3/9
  3240 | D:2      | Killed Robin
  3345 | D:4      | Reached skill level 5 in Fighting
  3356 | D:4      | Killed from afar by an orc wizard

Vault maps used:
D:1:      lemuel_arrival_cross
D:2:      led_sif_pool, chequers_ecumenical_altar_simple, tgw_xom
D:3:      lemuel_crystal_altar, uniq_jessica, uniq_grinder, uniq_robin
D:4:      grunt_temple_overflow_open, serial_shops, shop

Skill      XL: |  1  2  3  4  5 |
---------------+----------------+-----
Fighting       | 1 2 3 4 5 |  5.2
Dodging        | |  2.1
Stealth        | |  2.0
Spellcasting   | |  2.0
Conjurations   | |  1.3
Ice Magic      | |  2.6

Action                   |  1- 3 |  4- 6 || total
-------------------------+-------+-------++-------
Melee: Dagger            |    75 |    79 ||   154
       Kick              |    12 |    12 ||    24
       Peck              |     8 |    10 ||    18
 Cast: Freeze            |     2 |    32 ||    34
       Ozocubu's Armour  |     1 |       ||     1
       Throw Frost       |       |     2 ||     2
  Use: Scroll            |       |    12 ||    12
 Stab: Sleeping          |     8 |     2 ||    10
       Distracted        |     1 |       ||     1
  Eat: Chunk             |     2 |     4 ||     6
       Ration            |       |     1 ||     1
Armor: Robe              |     7 |    22 ||    29
Dodge: Dodged            |    36 |    82 ||   118

Table legend:
 A = Spawn XP
 B = Non-spawn XP
 C = Spawn XP percentage of total XP
 D = Spawn monster count
 E = Non-spawn monster count
 F = Spawn count percentage of total count
 G = Total turns spent on level
                    A         B        C        D         E        F      G
               +---------+---------+-------+---------+---------+-------+---------
         Total |       0 |     266 |   0.0 |       0 |      73 |   0.0 |  3356
               +---------+---------+-------+---------+---------+-------+---------
           D:1 |       0 |      20 |   0.0 |       0 |      12 |   0.0 |   945
           D:2 |       0 |     110 |   0.0 |       0 |      38 |   0.0 |  1793
           D:3 |       0 |      84 |   0.0 |       0 |      19 |   0.0 |   555
           D:4 |       0 |      52 |   0.0 |       0 |       4 |   0.0 |    63
               +---------+---------+-------+---------+---------+-------+---------
